 Dungeon Crawl Stone Soup version 0.17-a0-737-gf0a300a (webtiles) character file.

869521 MackTheKnife the Middleweight Champion (level 27, 0/266 HPs)
             Began as a Ghoul Wanderer on May 8, 2015.
             Was a High Priest of Cheibriados.
             Slain by Cerebov
             ... wielding the +6 Sword of Cerebov {flame}
              (2 damage)
             ... in Pandemonium.
             The game lasted 04:21:45 (67194 turns).

MackTheKnife the Middleweight Champion (GhWn)      Turns: 67194, Time: 04:21:45

Health: 0/266      AC: 37    Str: 37      XL:     27
Magic:  10/40      EV: 47    Int: 19      God:    Cheibriados [*****.]
Gold:   4152       SH:  0    Dex: 31 (32) Spells: 10 memorised, 8 levels left

rFire  + + .     SeeInvis +       - Unarmed
rCold  + + +     Clarity  .     F - +9 pearl dragon armour {rN+}
rNeg   + + +     SustAb   .     (no shield)
rPois  ∞         Gourm    .     U - +2 helmet {SInv}
rElec  +         Spirit   .     p - +2 cloak of Starlight {rElec rC+ EV+4 Stlth--}
rCorr  +         Warding  .     C - +1 pair of gloves of the Big Bang {Dex+8}
rMut   .         Stasis   .     D - -1 pair of boots of Distant Worlds {rF+ rCorr}
MR     +++..                    u - amulet of the Air {Inacc +Fly rElec EV+5 RMsl}
Stlth  ..........               M - ring of Huet {rF+ Dex+2 Slay+3}
                                t - ring of Cheibriados's Favour {rC+ MR+ Str+4 Dex-3}

@: phasing (expiring), resistant, fire vulnerable, flying, very slightly
contaminated, rotting, repel missiles, very slow, extremely resistant to hostile
enchantments, extremely unstealthy
A: rotting body, claws 1, carnivore 3, cold resistance 1, negative energy
resistance 3, slow healing 1, torment resistance, unbreathing
a: Bend Time, Temporal Distortion, Slouch, Step From Time, Renounce Religion,
Stop Flying
}: 8/15 runes: decaying, slimy, silver, abyssal, demonic, glowing, dark,
gossamer


You were in Pandemonium.
You worshipped Cheibriados.
Cheibriados was extremely pleased with you.
You were not hungry.

You visited 12 branches of the dungeon, and saw 64 of its levels.
You visited Pandemonium 2 times, and saw 21 of its levels.
You visited the Abyss 2 times.
You visited 1 ziggurat, and saw 12 of its levels.
You also visited: Ice Cave and Wizlab.

You collected 8230 gold pieces.
You spent 4078 gold pieces at shops.

Inventory:

Armour
 p - the +2 cloak of Starlight (worn) {rElec rC+ EV+4 Stlth--}
   (You found it on level 8 of a ziggurat)

   It affects your evasion (+4).
   It protects you from cold.
   It insulates you from electricity.
   It makes you much less stealthy.
 C - the +1 pair of gloves of the Big Bang (worn) {Dex+8}
   (You found it on level 6 of the Pits of Slime)

   It affects your dexterity (+8).
 D - the -1 pair of boots of Distant Worlds (worn) {rF+ rCorr}
   (You found it on level 3 of the Crypt)

   It protects you from fire.
   It protects you from acid and corrosion.
 F - a +9 pearl dragon armour (worn) {rN+}
   (You took it off a seraph in Pandemonium)
 U - a +2 helmet of see invisible (worn)
   (You found it on level 10 of a ziggurat)
Rods
 b - a +9 rod of shadows (11/11)
   (You found it on level 12 of a ziggurat)
Jewellery
 t - the ring of Cheibriados's Favour (left hand) {rC+ MR+ Str+4 Dex-3}
   (You took it off a necromancer on level 3 of the Crypt)

   [ring of protection from cold]

   It affects your strength (+4).
   It affects your dexterity (-3).
   It protects you from cold.
   It affects your resistance to hostile enchantments.
 u - the amulet of the Air (around neck) {Inacc +Fly rElec EV+5 RMsl}
   (You found it on level 3 of the Elven Halls)

   [amulet of inaccuracy]

   It reduces the accuracy of all your attacks.
   It affects your evasion (+5).
   It insulates you from electricity.
   It lets you fly.
   It protects you from missiles.
 w - the amulet "Plog" {Ward rC+ rN+ MR+ Str+4 Slay+2}
   (You took it off a torturous demonspawn in Pandemonium)

   [amulet of warding]

   It may prevent the melee attacks of summoned creatures.
   It affects your strength (+4).
   It affects your accuracy and damage with ranged weapons and melee attacks
   (+2).
   It protects you from cold.
   It protects you from negative energy.
   It affects your resistance to hostile enchantments.
 M - the ring of Huet (right hand) {rF+ Dex+2 Slay+3}
   (You took it off a yaktaur on level 5 of the Vaults)

   [ring of dexterity]

   It affects your dexterity (+2).
   It affects your accuracy and damage with ranged weapons and melee attacks
   (+3).
   It protects you from fire.
 O - an uncursed amulet of stasis {Stasis, !d}
   (You found it on level 4 of a ziggurat)
 Y - the ring of the Dropbear {Str+4 Slay+6}
   (You found it on level 2 of the Depths)

   [ring of strength]

   It affects your strength (+4).
   It affects your accuracy and damage with ranged weapons and melee attacks
   (+6).
Magical devices
 c - a wand of paralysis (4)
   (You found it on level 9 of the Dungeon)
 e - a wand of heal wounds (0)
   (You took it off Sojobo on level 3 of the Crypt)
 q - a wand of disintegration (7)
   (You found it in a wizard's laboratory)
 r - a wand of invisibility (3)
   (You took it off Josephine on level 3 of the Orcish Mines)
 K - a wand of digging (12)
   (You found it on level 8 of the Dungeon)
Scrolls
 a - a scroll of torment
 j - 8 scrolls of identify
 m - a scroll of summoning
 x - 10 scrolls of teleportation
 y - 29 scrolls of remove curse
 B - 9 scrolls of magic mapping {!r}
 G - 6 scrolls of blinking {!r}
 P - 4 scrolls of fear
 R - 8 scrolls of recharging
 V - 4 scrolls of immolation {!r}
Potions
 d - 23 potions of curing
 h - 5 potions of cancellation
 l - 5 potions of agility
 s - 7 potions of magic
 v - 8 potions of resistance
 z - 4 potions of invisibility
 A - 8 potions of heal wounds
 E - 5 potions of restore abilities
 L - 6 potions of brilliance
 Q - 5 potions of flight
Books
 k - an Akashic Record
   (You bought it in a shop on level 4 of the Orcish Mines)
Miscellaneous
 N - a phantom mirror
 T - a lamp of fire
   (You found it on level 4 of the Depths)
 W - a phial of floods (inert)
   (You found it on level 12 of a ziggurat)
Comestibles
 f - 27 meat rations {@e2}
 g - 5 royal jellies
 i - 16 beef jerkies
 I - 2 slices of pizza


   Skills:
 + Level 25.1 Fighting
   Level 1.0 Bows
 - Level 16.2 Armour
 - Level 16.1 Dodging
 O Level 27 Unarmed Combat
 - Level 14.8 Spellcasting
 - Level 11.6 Necromancy
 - Level 18.4 Translocations
 - Level 4.8 Air Magic
 - Level 6.0 Poison Magic
 - Level 16.4 Invocations
 - Level 11.3 Evocations


You had 8 spell levels left.
You knew the following spells:

 Your Spells              Type           Power        Failure   Level  Hunger
a - Animate Dead          Necr           N/A          1%          4    None
b - Blink                 Tloc           N/A          0%          2    None
c - Dispersal             Tloc           ######....   1%          6    #####..
d - Repel Missiles        Chrm/Air       ###...       4%          2    None
e - Phase Shift           Tloc           ######....   1%          5    ###....
f - Singularity           Tloc           ######....   100%        9    #######
q - Controlled Blink      Tloc           N/A          3%          7    ######.
r - Regeneration          Chrm/Necr      #####.....   1%          3    None
x - Mephitic Cloud        Conj/Pois/Air  ####....     6%          3    None
A - Freezing Cloud        Conj/Ice/Air   ###.......   100%        6    #####..


Dungeon Overview and Level Annotations

Branches:
Dungeon (15/15)            Temple (1/1) D:6            Lair (8/8) D:10
  Swamp (5/5) Lair:3       Spider (5/5) Lair:5        Slime (6/6) Lair:6
    Orc (4/4) D:10            Elf (3/3) Orc:4        Vaults (5/5) D:14
  Crypt (3/3) Vaults:3       Tomb (0/3) Crypt:3      Depths (5/5) D:15
    Zot (4/5) Depths:5

Altars:
Ashenzari
Cheibriados
Dithmenos
Elyvilon
Gozag
Kikubaaqudgha
Makhleb
Nemelex Xobeh
Okawaru
Qazlal
Sif Muna
Trog
Vehumet
Yredelemnul
Zin
The Shining One
Beogh
Jiyva

Shops:
D:7 (   D:8 ?([*   D:12 =   D:13 [   Orc:1 *   Orc:4 ![(:   Elf:2 *
Vaults:1 :   Vaults:3 %   Depths:1 :

Portals:
Hell: Depths:1 Depths:2 Depths:3 Depths:4
Abyss: Depths:3
Pandemonium: Depths:2 Depths:3 Depths:5

Annotations:
Lair:2 exclusion: 2 downstairs
Swamp:1 Herrn's ghost, mighty NaFi
Spider:2 exclusion: Roxanne, Roxanne
Elf:2 5 runed doors
Crypt:2 Saint Roka
Pan Cerebov


Innate Abilities, Weirdness & Mutations

Your body is rotting away.
You thrive on raw meat.
You are immune to poison.
You have sharp fingernails.
You are carnivorous and can eat meat at any time.
Your flesh is cold resistant.
You are immune to negative energy.
You heal slowly when monsters are visible.
You are immune to unholy pain and torment.
You can survive without breathing.


Message History

You pulverise the balrug!!!!
You kill the balrug!
Cheibriados appreciates the change of pace.
A balrug comes into view. It is wielding a broad axe of freezing.
You punch the balrug! You punch the balrug!!!
Cerebov hits you but does no damage. The balrug completely misses you.
Your water elemental hits Cerebov!
The efreet hits you but does no damage.
A balrug comes into view. It is wielding a demon whip.
You pulverise the balrug!!!
You punch the balrug!!
You kill the balrug!
The balrug gestures at you.
The fireball explodes!
The fireball engulfs you! You resist.
The fireball engulfs the balrug.
The balrug completely resists.
The fireball engulfs Cerebov.
Cerebov completely resists.
The fireball engulfs your water elemental.
Your water elemental is burned terribly!
Your water elemental is destroyed!
The fireball engulfs the efreet.
The efreet completely resists.
Cerebov shouts, "Flee whilst thy luck holds!"
You take 10 damage, and have 167/266 hp.
You pulverise the balrug!!!
You kill the balrug!
Cheibriados thoroughly appreciates the change of pace.
The efreet gestures at you. The bolt of fire misses you.
You punch the efreet!
Cerebov is engulfed in a cloud of scalding steam.
You momentarily phase out as Cerebov's attack passes through you.
You barely miss the efreet. Your punch misses the efreet.
The efreet completely misses you. Cerebov misses you.
A ynoxinul comes into view.
You pulverise the efreet!!!
You kill the efreet!
Cheibriados appreciates the change of pace.
You hear a splash.
You pummel the sun demon!! You punch the sun demon!!
You kill the sun demon!
Cheibriados thoroughly appreciates the change of pace.
Cerebov completely misses you.
You hit Cerebov but do no damage.
Okay, then.
Unknown command.
You can feel time thicken for a moment.
You feel somewhat more hungry.
Cheibriados reduces the support of your attributes as your movement quickens.
Cerebov gestures at you.
A raging storm of fire appears!
The great blast of fire engulfs you! You partially resist.
The great blast of fire engulfs Cerebov.
Cerebov partially resists.
The great blast of fire engulfs the balrug.
The balrug partially resists.
The balrug gestures at you.
You momentarily phase out as the bolt of fire passes through you.
Cerebov hits you with a great serpentine sword {flame}!!!
Cerebov burns you.
The Sword of Cerebov burns away your fire resistance.
You hear a bellow!
You hear a shout!
You hear a shout!
A fire vortex and a ynoxinul come into view.
You take 80 damage, and have 88/266 hp.
MASSIVE DAMAGE!!
You now have 20/40 mp.
Unknown command.
You can feel time thicken for a moment.
You kill the balrug!
Cheibriados thoroughly appreciates the change of pace. x2
You kill the ynoxinul!
Cheibriados thoroughly appreciates the change of pace.
You feel somewhat more hungry.
You feel closer to the material plane. The balrug gestures at you.
The fireball explodes!
The fireball engulfs you! You resist.
The fireball engulfs Cerebov.
Cerebov completely resists.
You momentarily phase out as Cerebov's attack passes through you.
Unknown command.
You take 2 damage, and have 86/266 hp.
You now have 15/40 mp.
You can feel time thicken for a moment.
You kill the balrug!
Cheibriados thoroughly appreciates the change of pace.
You hear a splash.
You kill the ynoxinul!
Cheibriados appreciates the change of pace.
You feel somewhat more hungry.
Cheibriados reduces the support of your attributes as your movement quickens.
Cerebov gestures at you.
A raging storm of fire appears!
The great blast of fire engulfs you! You partially resist.
* * * LOW HITPOINT WARNING * * *
The great blast of fire engulfs Cerebov.
Cerebov partially resists.
A monstrous demonspawn and a warmonger come into view.
Unknown command.
You take 55 damage, and have 31/266 hp.
MASSIVE DAMAGE!!
You now have 10/40 mp.
You feel much better.
This wand has 0 charges left.
Cerebov shouts, "Abandon hope, thou mildewed bat-fowling trash-dump!"
Cerebov hits you with a great serpentine sword {flame}!!!
* * * LOW HITPOINT WARNING * * *
Cerebov burns you.
You die...

***+****###..#####..........,,,,,
**,,,,,,**####,,,#.......##***,,,
*,,,,,,,,,****,,,#...)...# *,,,
,,,****,,,.,,+,,,#.......###**,,,
,,,*≈≈***...,***##..........,,,,,
,,**≈≈≈≈§.....* #.)..$?6..##*,,,*
,**,,,,,§§....###§)....6.## **,,,
**,*,,,*§≈≈...§§§§§.......# **,,
*,,*,,,*§≈≈..§§§@§§.......# **,
**,*,,,*§≈≈.§.§§&§§.......# **,,
,**,,,,,≈≈:...###§........# **,,,
,,**≈≈≈≈,.§§..* #≈........#**,,,*
,,,*≈≈***§..,***##...[....#*,,,**
,,,****,§,.,,+,,,#........#,,,,,*
*,,,,,,,,,****,,,#.........,,*,,,
**,,,,,,******,,,#........,,***,,
***'*******,,*****§.....,,,** **,


You could see Cerebov, an infernal warmonger and a monstrous demonspawn.

Vanquished Creatures
  the royal jelly (Slime:6)
  Gloorx Vloq (Pan)
  Mnoleg (Pan)
  A seraph (Pan)
  An ancient lich (Crypt:3)
  Mennas (Pan)
  5 pandemonium lords
  Sojobo (Crypt:3)
  Boris (Depths:3)
  Frederick (Depths:3)
  Margery (Depths:5)
  3 caustic shrikes (Depths:3)
  A curse toe (Zot:2)
  2 Killer Klowns (Zig:11)
  12 golden dragons
  Jory (Depths:3)
  A bone dragon (Crypt:3)
  Arachne (Spider:2)
  4 Brimstone Fiends (Pan)
  5 liches
  Jorgrun (Spider:2)
  A Cloud Mage (WizLab)
  Rupert (Lair:5)
  17 tentacled monstrosities
  A Hell Sentinel (Pan)
  2 Ice Fiends
  3 Shadow Fiends
  4 deep elf blademasters
  2 quicksilver dragons
  5 titans (Vaults:5)
  2 sphinxes (Vaults:5)
  14 Executioners (Pan)
  2 deep elf master archers (Zig:9)
  2 tentacled starspawn (Abyss:2)
  26 acid blobs
  2 eldritch tentacles
  2 ancient champions
  Gastronok (Orc:1)
  2 thorn hunters
  Agnes (Elf:1)
  11 shadow dragons
  16 storm dragons
  A shadow dragon (shapeshifter) (Zig:11)
  13 tengu reavers
  3 blood saints (Pan)
  23 azure jellies
  A draconian monk (Zot:2)
  2 corrupters (Pan)
  2 revenants
  11 fire giants
  6 draconian knights
  5 daevas (Pan)
  Maud (Lair:2)
  An iron dragon (Depths:5)
  A ghost moth (shapeshifter) (Elf:1)
  9 deep elf sorcerers
  15 vault wardens
  10 balrugs
  5 frost giants
  2 curse skulls (Pan)
  An orc warlord (Zig:3)
  A draconian shifter (Zot:2)
  7 draconian scorchers
  5 emperor scorpions (Spider:5)
  23 ironheart preservers
  4 draconian zealots
  8 ghost moths
  A ghoul (Zig:7)
  18 cacodemons (Pan)
  5 war gargoyles
  15 angels
  2 warmongers (Pan)
  2 draconian annihilators
  A spriggan defender (Depths:3)
  20 stone giants
  20 very ugly things
  7 draconian callers
  A fulminant prism (Pan)
  8 vampire knights
  5 green draconians
  A stone giant (shapeshifter) (Zig:11)
  11 ophanim (Pan)
  3 reapers
  7 white draconians
  12 deep elf demonologists
  A chaos champion (Pan)
  3 apis (Pan)
  9 deep elf annihilators
  7 red draconians
  8 black draconians
  5 mottled draconians
  7 yellow draconians
  6 lorocyprocas
  2 eidola
  9 purple draconians
  5 crystal guardians
  10 deep elf death magi
  6 green deaths
  A black sun (Pan)
  11 ettins
  10 blizzard demons
  2 jiangshi (Crypt:2)
  18 ogre magi
  A quicksilver dragon zombie (Crypt:3)
  12 death oozes
  7 deep elf high priests
  Josephine (Orc:3)
  16 great orbs of eyes
  27 fire dragons
  29 hydras
  19 yaktaur captains
  37 vault guards
  6 death cobs
  17 ice dragons
  4 entropy weavers
  2 rakshasas
  2 naga warriors (Zig:6)
  A ghost crab (Swamp:4)
  9 monstrous demonspawn (Pan)
  A catoblepas (Lair:8)
  A hell beast (Pan)
  5 spriggan air magi
  Erolcha (Orc:3)
  An anaconda (Zig:5)
  Erica (D:9)
  9 alligators
  A salamander stormcaller (Vaults:5)
  13 deep troll shamans
  9 spriggan berserkers
  12 centaur warriors
  2 death yaks
  A death knight (Zig:7)
  5 shock serpents
  10 deep troll earth magi
  3 thrashing horrors (Abyss:2)
  8 dancing weapons
  3 tengu warriors
  4 vampire magi
  Urug (Orc:1)
  3 orc high priests (Orc:4)
  A titan zombie (Crypt:3)
  2 naga sharpshooters
  17 deep elf knights
  3 soul eaters (Pan)
  Nergalle (Orc:1)
  8 iron trolls
  11 sun demons
  11 hell knights
  9 shadow wraiths
  4 death drakes
  2 wretched stars
  An iron troll (shapeshifter) (Zig:11)
  25 skeletal warriors
  A sea snake (shapeshifter) (Zig:11)
  4 spriggan druids
  33 deep trolls
  9 shadow demons
  5 spatial maelstroms (Abyss:3)
  15 cherubim (Pan)
  2 storm dragon skeletons
  4 giant orange brains
  8 swamp dragons
  A ghost moth zombie (Crypt:1)
  2 lindwurms (shapeshifter)
  9 ice devils
  15 gelid demonspawn (Pan)
  A deathcap (Zot:2)
  5 putrid demonspawn (Pan)
  6 torturous demonspawn
  2 wizards
  An ice statue (IceCv)
  14 deep elf summoners
  2 swamp dragons (shapeshifter)
  5 phantasmal warriors
  14 ironbrand convokers
  15 hill giants
  A shambling mangrove (Swamp:3)
  Pikel (D:6)
  2 lindwurms (Swamp:5)
  A mana viper (Zig:6)
  3 unseen horrors
  A shadow dragon zombie (Crypt:2)
  6 flayed ghosts
  2 harpies (Vaults:1)
  4 griffons
  4 oklob plants
  3 infernal demonspawn (Pan)
  12 necromancers
  18 orb spiders
  A hill giant (shapeshifter) (D:15)
  A mana viper (shapeshifter) (Zig:11)
  A manticore (D:14)
  8 orc sorcerers
  18 orc knights
  34 wolf spiders
  83 ugly things
  A frost giant zombie (Depths:2)
  8 hornets
  15 deep elf conjurers
  A stone giant zombie (Crypt:3)
  A cyclops (shapeshifter) (Elf:3)
  A manticore (shapeshifter) (Vaults:5)
  2 draconian zombies (Zot:4)
  10 cyclopes
  A shadow dragon skeleton (Zot:4)
  A sphinx skeleton (Depths:2)
  3 shining eyes (Slime:6)
  8 black mambas
  17 moths of wrath
  2 gargoyles
  An apocalypse crab (Abyss:2)
  A guardian serpent (Zig:6)
  An iron dragon skeleton (Depths:2)
  2 centaur zombies
  A stone giant skeleton (Crypt:3)
  An elephant (D:10)
  3 naga magi
  5 torpor snails
  2 guardian serpents (shapeshifter)
  5 rust devils
  36 orange demons
  An octopode (shapeshifter) (Zig:9)
  28 spiny frogs
  5 eyes of devastation
  18 sixfirhies (Pan)
  21 smoke demons
  10 vault sentinels
  2 efreet
  4 hellions (Pan)
  A dire elephant skeleton (Pan)
  23 demonic crawlers
  4 tormentors
  7 fire drakes
  73 yaktaurs
  An emperor scorpion zombie (Crypt:3)
  7 kobold demonologists
  An elf (shapeshifter) (D:14)
  2 ancient zymes
  18 hellwings
  2 anaconda simulacra (IceCv)
  9 small abominations
  7 trolls
  17 komodo dragons
  A purple draconian skeleton (Crypt:2)
  A redback zombie (D:15)
  15 freezing wraiths
  7 red devils (Pan)
  A polar bear (shapeshifter) (Vaults:3)
  13 deep elf priests
  7 giant leeches
  9 wind drakes
  A fire vortex (Pan)
  6 wandering mushrooms
  8 polar bears
  2 golden dragon simulacra (IceCv)
  A merfolk (shapeshifter) (Zig:11)
  Grinder (D:4)
  108 slime creatures
  3 blue devils
  A raven (shapeshifter) (Elf:1)
  3 raiju (Abyss:2)
  A harpy skeleton (Pan)
  5 boulder beetles
  A deep troll zombie (Zig:1)
  A baby alligator (Lair:3)
  6 bog bodies
  2 ice dragon zombies (Crypt:3)
  27 jumping spiders
  31 blink frogs
  3 ravens
  30 two-headed ogres
  A moth of wrath zombie (Zot:4)
  38 deep elf magi
  An ettin zombie (Crypt:3)
  41 flying skulls
  A snapping turtle (shapeshifter) (Depths:3)
  3 dire elephant simulacra (IceCv)
  13 spriggans
  35 air elementals
  42 large abominations
  A vampire (Crypt:1)
  An orc simulacrum (Vaults:2)
  3 fire bats (Swamp:5)
  A fire dragon skeleton (Crypt:3)
  51 redbacks
  13 trapdoor spiders
  21 tarantellas
  6 hungry ghosts
  A redback (shapeshifter) (Vaults:5)
  12 water elementals
  3 shadows
  2 wyverns
  33 deep elf fighters
  2 spriggans (shapeshifter)
  A giant leech zombie (Crypt:2)
  58 yaks
  8 wraiths
  Eustachio (D:4)
  A hog (shapeshifter) (Vaults:2)
  14 ynoxinuls
  6 basilisks
  5 golden eyes (Pan)
  3 mottled dragons
  6 harpy simulacra
  19 neqoxecs
  34 vampire mosquitoes
  A catoblepas simulacrum (Crypt:1)
  A golden eye (shapeshifter) (Vaults:5)
  2 spatial vortices (Abyss:3)
  4 steam dragons
  A yak (shapeshifter) (Elf:3)
  7 hippogriffs
  A mottled dragon (shapeshifter) (D:15)
  8 insubstantial wisps
  4 wargs
  21 water moccasins
  3 iron troll simulacra (IceCv)
  6 nagas
  26 swamp worms
  4 hydra simulacra (IceCv)
  22 swamp drakes
  9 chaos spawn
  10 porcupines
  3 sky beasts
  Duvessa (D:5)
  8 wolves
  4 phantoms
  A black bear (shapeshifter) (D:13)
  7 necrophages
  An alligator simulacrum (IceCv)
  32 orc warriors
  14 wasps
  10 spiders
  64 ogres
  A swamp dragon zombie (Crypt:3)
  7 eyes of draining
  A black mamba simulacrum (Crypt:1)
  15 ice beasts
  A slave (D:6)
  An eye of draining (shapeshifter) (Elf:1)
  7 black bears
  16 crocodiles
  A manticore skeleton (Crypt:3)
  31 centaurs
  A snapping turtle skeleton (Crypt:1)
  A swamp dragon skeleton (Pan)
  6 brain worms
  A spectral cyclops (Swamp:4)
  4 big kobolds
  40 giant frogs
  An elf zombie (D:15)
  A wyvern zombie (D:12)
  A wyvern skeleton (D:13)
  9 scorpions
  A water moccasin skeleton (D:7)
  11 wights
  Dowan (D:5)
  6 killer bees
  A lava snake (Swamp:5)
  7 electric eels
  3 quasits
  16 jellies
  6 crimson imps
  2 goliath beetles (D:10)
  2 human zombies (D:15)
  30 orc priests
  A wasp zombie (D:11)
  A giant frog skeleton (D:5)
  11 hounds
  3 giant frog zombies
  A human skeleton (D:15)
  An iron imp (Abyss:2)
  5 centaur skeletons
  A gnoll shaman (D:9)
  29 orc wizards
  15 worker ants
  12 hell rats
  A spectral orc (Orc:1)
  A draconian simulacrum (IceCv)
  16 iguanas
  3 troll simulacra (IceCv)
  A lightning spire (Zig:11)
  A polar bear simulacrum (IceCv)
  4 spriggan simulacra (IceCv)
  32 sheep
  A wolf simulacrum (IceCv)
  3 centaur simulacra (IceCv)
  A hound zombie (D:8)
  A demigod skeleton (Crypt:2)
  7 mummies
  A hound skeleton (D:6)
  A worker ant zombie (D:8)
  12 gnolls
  109 river rats
  A tengu simulacrum (Crypt:1)
  16 adders
  6 naga simulacra (IceCv)
  7 shadow imps
  8 white imps
  14 ufetubi
  5 giant eyeballs (Pan)
  2 oozes
  A worm (D:6)
  205 orcs
  13 bats
  A bat (shapeshifter) (Vaults:4)
  2 bat skeletons
  A giant cockroach (shapeshifter) (Vaults:5)
  7 giant cockroaches
  18 goblins
  16 hobgoblins
  7 jackals
  7 quokkas
  A giant cockroach zombie (Crypt:1)
  2 giant geckos
  3 giant newts
  2 gnoll zombies (D:5)
  23 kobolds
  A quokka skeleton (D:9)
  11 rats
  A river rat zombie (Crypt:1)
  4 crawling corpses
  A fungus (Lair:8)
  A grand avatar (Pan)
  A plant (Lair:8)
  3 starspawn tentacles (Abyss:2)
  2 starspawn tentacle segments (Abyss:2)
3679 creatures vanquished.

Vanquished Creatures (collateral kills)
  2 acid blobs (Slime:6)
  An azure jelly (Slime:6)
  2 alligators
  A sun demon (Pan)
  An oklob plant (Zig:10)
  A wandering mushroom (Zot:2)
  A slime creature (Zig:10)
  A swamp drake (Zig:8)
  A large abomination (Pan)
  A jelly (Slime:6)
  A hell rat (Zig:9)
  2 ufetubi (Zig:9)
15 creatures vanquished.

Vanquished Creatures (others)
  the royal jelly (Slime:6)
  2 eldritch tentacles
  2 draconian zealots
  A draconian scorcher (Zot:2)
  A draconian annihilator (Zot:3)
  2 draconian callers (Zot:4)
  A black draconian (Zot:4)
  A mottled draconian (Zot:4)
  A white draconian (Zot:4)
  A red draconian (Zot:4)
  A yellow draconian (Zot:4)
  A purple draconian (Zot:4)
  A lindwurm (Swamp:5)
  A hornet (shapeshifter) (Elf:1)
  A moth of wrath (Zot:4)
  A spiny frog (Zig:8)
  6 fire drakes
  A red devil (Pan)
  A two-headed ogre (Vaults:5)
  A blue devil (Zig:9)
  3 komodo dragons (Zot:4)
  7 water elementals
  2 ynoxinuls (Zot:4)
  A steam dragon (Zot:4)
  A chaos spawn (Zot:4)
  10 lost souls
  2 ogres
  A brain worm (Pan)
  An orc priest (Orc:4)
  2 hell rats
  An orc wizard (Orc:4)
  A white imp (Abyss:3)
  A giant eyeball (shapeshifter) (Depths:4)
  A worm (D:6)
  An orc (Orc:4)
  A giant newt (D:6)
  4 giant spores (Swamp:2)
  3 ballistomycetes (Swamp:2)
  239 eldritch tentacle segments
  20 fungi
  7 plants
  4 starspawn tentacles (Abyss:2)
  79 starspawn tentacle segments (Abyss:2)
420 creatures vanquished.

Grand Total: 4114 creatures vanquished

Notes
Turn   | Place    | Note
--------------------------------------------------------------
     0 | D:1      | MackTheKnife, the Ghoul Wanderer, began the quest for the Orb.
     0 | D:1      | MackTheKnife set off with: a +0 leather armour, 2 throwing nets {=f, !d}, a scroll of teleportation, a potion of curing, a +0 club, a meat ration {@e2}
     0 | D:1      | Reached XP level 1. HP: 17/17 MP: 1/1
   189 | D:1      | Reached skill level 3 in Unarmed Combat
   189 | D:1      | Reached XP level 2. HP: 16/24 MP: 2/2
   561 | D:1      | TZer0: Hello
   575 | D:1      | MackTheKnife: heyo
   621 | D:1      | TZer0: how do you like the new server?
   626 | D:1      | MackTheKnife: seems a tad faster? havent played much on it yet :)
   629 | D:1      | MackTheKnife: yeah, noticable improvement actually.
   689 | D:1      | TZer0: it is run on a i7-3770
   766 | D:1      | TZer0: as opposed to a dual-core 2.4 GHz AMD-CPU
   766 | D:1      | TZer0: it also has like 4 times more RAM
   766 | D:1      | MackTheKnife: neat-o
   766 | D:1      | TZer0: still inside a virtual machine
   766 | D:1      | MackTheKnife: was my biggest gripe with webtiles before, the delay
   768 | D:1      | Reached XP level 3. HP: 27/27 MP: 3/3
   835 | D:1      | MackTheKnife: but faster crawl = more dangerous crawl ;)
   835 | D:1      | TZer0: lol
   835 | D:1      | TZer0: also
   835 | D:1      | TZer0: http://underhound.eu/
   835 | D:1      | MackTheKnife: bigger risk of tabbing into stuff
   835 | D:1      | TZer0: small blog I'm going to run for stuff I'm making
   835 | D:1      | MackTheKnife: coolers, marking it
  1059 | D:1      | TZer0: there's also a sidebar on the blog with a link to random files
  1063 | D:1      | TZer0: mostly bleep-bloopy music
  1063 | D:1      | TZer0: some unfinished
  1063 | D:1      | TZer0: http://underhound.eu/tzer0/public_www/renoise/DCSS/Souls%20for%20Makhleb.mp3
  1063 | D:1      | MackTheKnife: neat stuff
  1063 | D:1      | TZer0: like this
  1063 | D:1      | MackTheKnife: haha digging the title.
  1091 | D:1      | Noticed an ice beast
  1092 | D:1      | TZer0: :D
  1094 | D:1      | MackTheKnife: what is an ice beast
  1094 | D:1      | MackTheKnife: doing on D1
  1094 | D:1      | TZer0: uhhhhhhh
  1123 | D:2      | Found a snail-covered altar of Cheibriados.
  1130 | D:2      | Found a bloodstained altar of Trog.
  1133 | D:2      | Found an opulent altar of Gozag.
  1134 | D:2      | TZer0: oh snap
  1143 | D:2      | Found a deep blue altar of Sif Muna.
  1144 | D:2      | TZer0: Chei?
  1149 | D:2      | Became a worshipper of Cheibriados the Contemplative
  1150 | D:2      | MackTheKnife: eh why not
  1164 | D:2      | Reached skill level 4 in Unarmed Combat
  1178 | D:2      | TZer0: Time to punch stuff.
  1187 | D:2      | MackTheKnife: with 18 wanderer STR
  1523 | D:2      | Found a stormy altar of Qazlal.
  1634 | D:2      | TZer0: that'll improve.
  1634 | D:2      | TZer0: :D
  1738 | D:3      | Acquired Cheibriados's first power
  1738 | D:3      | Reached XP level 4. HP: 27/36 MP: 4/4
  1795 | D:3      | Found an ancient bone altar of Kikubaaqudgha.
  1850 | D:3      | Reached skill level 5 in Unarmed Combat
  1894 | D:3      | MackTheKnife: !!!!!
  1894 | D:3      | MackTheKnife: YES
  2106 | D:3      | Found an iron altar of Okawaru.
  2378 | D:3      | Found a burning altar of Makhleb.
  2433 | D:3      | TZer0: sorry, wasn't looking.
  2433 | D:3      | MackTheKnife: that armor.
  2433 | D:3      | TZer0: woooooow
  2522 | D:4      | TZer0: THat's just perfect
  2523 | D:4      | MackTheKnife: yeah :)
  2523 | D:4      | TZer0: so much piety incoming
  2523 | D:4      | MackTheKnife: time to slouch
  2523 | D:4      | MackTheKnife: everything to death
  2546 | D:4      | Noticed Grinder
  2575 | D:4      | Reached XP level 5. HP: 25/40 MP: 5/5
  2576 | D:4      | Noticed Eustachio
  2582 | D:4      | MackTheKnife: provided that I survive eustachio and grinder
  2583 | D:4      | Killed Eustachio
  2583 | D:4      | Reached skill level 6 in Unarmed Combat
  2583 | D:4      | Reached XP level 6. HP: 29/47 MP: 6/6
  2665 | D:4      | Reached skill level 7 in Unarmed Combat
  2801 | D:4      | MackTheKnife: do gloves supress claws mutationo?
  2860 | D:4      | Found a sparkling altar of Nemelex Xobeh.
  2862 | D:4      | Paralysed by Grinder for 7 turns
  2878 | D:4      | TZer0: YES
  2879 | D:4      | TZer0: i THINK SO
  2879 | D:4      | TZer0: I think so
  2892 | D:4      | Paralysed by Grinder for 7 turns
  2902 | D:4      | TZer0: eh
  2907 | D:4      | TZer0: grinder isn't dangerous
  2909 | D:4      | TZer0: you have maxc rneg
  2910 | D:4      | Killed Grinder
  2910 | D:4      | Reached skill level 8 in Unarmed Combat
  2910 | D:4      | Reached XP level 7. HP: 44/55 MP: 7/7
  2911 | D:4      | MackTheKnife: true dat
  2949 | D:4      | TZer0: but check
  2961 | D:4      | TZer0: just wear gloves
  2961 | D:4      | TZer0: and open muts
  2966 | D:4      | TZer0: Hmm
  2966 | D:4      | TZer0: escape
  2966 | D:4      | TZer0: unwield
  2971 | D:4      | TZer0: yeah
  2971 | D:4      | TZer0: check your weapon
  2971 | D:4      | TZer0: it says claws
  2981 | D:4      | TZer0: see?
  2981 | D:4      | MackTheKnife: cheers
  2985 | D:4      | TZer0: :)
  3326 | D:5      | Entered Level 5 of the Dungeon
  3362 | D:5      | Noticed Dowan
  3367 | D:5      | Noticed Duvessa
  3379 | D:5      | Killed Dowan
  3380 | D:5      | Killed Duvessa
  3380 | D:5      | Reached skill level 9 in Unarmed Combat
  3675 | D:5      | Reached XP level 8. HP: 58/61 MP: 8/8
  3762 | D:5      | Reached skill level 10 in Unarmed Combat
  3780 | D:5      | Found a shattered altar of Ashenzari.
  3837 | D:5      | Found a white marble altar of Elyvilon.
  3889 | D:5      | Reached skill level 3 in Fighting
  3932 | D:5      | Reached skill level 4 in Fighting
  3955 | D:5      | Found a basalt altar of Yredelemnul.
  4194 | D:6      | Reached skill level 5 in Fighting
  4195 | D:6      | MackTheKnife: pretty terrific start
  4195 | D:6      | MackTheKnife: all I need now is +Blink arti or something
  4234 | D:6      | Found a staircase to the Ecumenical Temple.
  4244 | Temple   | Entered the Ecumenical Temple
  4275 | D:6      | Noticed Pikel
  4292 | D:6      | Killed Pikel
  4292 | D:6      | Reached skill level 7 in Fighting
  4292 | D:6      | Reached XP level 9. HP: 63/80 MP: 9/9
  4295 | D:6      | TZer0: nice.
  4396 | D:6      | Acquired Cheibriados's second power
  4440 | D:6      | MackTheKnife: ..sweet r ing
  4462 | D:6      | TZer0: question, do you have Steam?
  4466 | D:6      | TZer0: ahahaha
  4466 | D:6      | TZer0: nice
  4466 | D:6      | MackTheKnife: yeap
  4469 | D:6      | Reached skill level 8 in Fighting
  4474 | D:6      | MackTheKnife: rarely use it thoughj
  4496 | D:6      | TZer0: okay, feel free to add me there
  4516 | D:6      | TZer0: same nickname.
  4523 | D:6      | MackTheKnife: will do!
  4608 | D:6      | Found a glowing golden altar of the Shining One.
  4667 | D:6      | MackTheKnife: always loved that TSO vault
  4669 | D:6      | MackTheKnife: looks like some kinda bible reference or something
  4669 | D:6      | MackTheKnife: through the desert he found god
  4669 | D:6      | MackTheKnife: et cetera
  4750 | D:6      | TZer0: mhm
  4785 | D:6      | Reached skill level 2 in Armour
  4890 | D:7      | Acquired Cheibriados's third power
  4901 | D:7      | Reached skill level 3 in Armour
  4987 | D:7      | TZer0: I'm at work
  4997 | D:7      | TZer0: lol
  5020 | D:7      | MackTheKnife: :)
  5428 | D:7      | Found Paikhul's Weapon Shop.
  5430 | D:7      | Reached skill level 4 in Armour
  5438 | D:7      | MackTheKnife: speed greatmace :<
  5762 | D:7      | Reached skill level 5 in Armour
  5781 | D:7      | Found a sparkling altar of Nemelex Xobeh.
  5836 | D:7      | Acquired Cheibriados's fourth power
  5861 | D:8      | Found Bodaocon's Assorted Antiques.
  5871 | D:8      | Bought a scroll labeled CUTZINA OMEMAF for 28 gold pieces
  5871 | D:8      | Bought a scroll labeled MIKKEAH QYKLU for 28 gold pieces
  5871 | D:8      | Bought a scroll labeled QASCHEE KIBBIO for 28 gold pieces
  5880 | D:8      | Bought a smoky silvery potion for 25 gold pieces
  5880 | D:8      | Bought a scroll of teleportation for 84 gold pieces
  5880 | D:8      | Bought a scroll of teleportation for 84 gold pieces
  6129 | D:8      | Found Mulokura's Antique Armour Shoppe.
  6132 | D:8      | TZer0: claws are better.
  6132 | D:8      | TZer0: :D
  6132 | D:8      | MackTheKnife: arti nuckler
  6132 | D:8      | MackTheKnife: mite b worth
  6145 | D:8      | Found Giuqiw's Magic Scroll Shop.
  6155 | D:8      | Bought a scroll of blinking for 112 gold pieces
  6177 | D:8      | Found Sugaolics's Weapon Shop.
  6184 | D:8      | Reached skill level 6 in Armour
  6380 | D:8      | Reached XP level 10. HP: 89/89 MP: 10/10
  6553 | D:8      | Reached skill level 7 in Armour
  6898 | D:9      | Noticed Erica
  6908 | D:9      | Killed Erica
  6908 | D:9      | Reached skill level 11 in Unarmed Combat
  7155 | D:9      | Found a radiant altar of Vehumet.
  7179 | D:9      | Found a shadowy altar of Dithmenos.
  7521 | D:10     | Entered Level 10 of the Dungeon
  7521 | D:10     | Noticed a hill giant
  7532 | D:10     | Killed a hill giant
  7532 | D:10     | Reached skill level 12 in Unarmed Combat
  7698 | D:10     | Reached skill level 1 in Invocations
  7713 | D:10     | Reached skill level 2 in Invocations
  7731 | D:10     | Reached skill level 3 in Invocations
  7753 | D:10     | Noticed an elephant
  7766 | D:10     | Killed an elephant
  7766 | D:10     | Reached skill level 4 in Invocations
  7774 | D:10     | Reached skill level 5 in Invocations
  7774 | D:10     | Reached XP level 11. HP: 93/95 MP: 13/13
  7817 | D:10     | Reached skill level 6 in Invocations
  7851 | D:10     | Found a staircase to the Lair.
  7906 | D:10     | Killed an unseen horror
  7954 | D:10     | Reached skill level 7 in Invocations
  7955 | D:10     | Found a staircase to the Orcish Mines.
  7985 | D:10     | Found a roughly hewn altar of Beogh.
  8142 | D:10     | Noticed a hill giant
  8155 | D:10     | Killed a hill giant
  8229 | D:10     | Reached skill level 8 in Invocations
  8880 | D:10     | Noticed a hill giant
  8886 | D:10     | Noticed a hill giant
  8892 | D:10     | Killed a hill giant
  8892 | D:10     | Reached skill level 9 in Invocations
  8895 | D:10     | Killed a hill giant
  9013 | Lair:1   | Entered Level 1 of the Lair of Beasts
  9030 | Lair:1   | Reached skill level 10 in Invocations
  9041 | Lair:1   | MackTheKnife: alrighty m8, I'm off to do some laundy
  9041 | Lair:1   | MackTheKnife: catch you later
  9065 | Lair:1   | Noticed an eight-headed hydra
  9071 | Lair:1   | Killed an eight-headed hydra
  9083 | Lair:1   | Reached skill level 2 in Evocations
  9138 | Lair:1   | Reached skill level 3 in Evocations
  9374 | Lair:1   | Reached skill level 4 in Evocations
  9606 | Lair:1   | Reached XP level 12. HP: 96/103 MP: 19/19
  9841 | Lair:2   | Reached skill level 5 in Evocations
  9963 | Lair:2   | TZer0: Okay
  9972 | Lair:2   | TZer0: bye!
  9972 | Lair:2   | MackTheKnife: ..just one more level!
  9972 | Lair:2   | MackTheKnife: aah addictive crawl
  9975 | Lair:2   | TZer0: lol
  9975 | Lair:2   | MackTheKnife: wait you can enchant it above +9?
  9975 | Lair:2   | TZer0: depends
  9975 | Lair:2   | TZer0: not that piece.
  9976 | Lair:2   | MackTheKnife: odd
 10043 | Lair:2   | Reached skill level 6 in Evocations
 10072 | Lair:2   | TZer0: just open the piece in your inventory to check.
 10078 | Lair:2   | You fall through a shaft for 2 floors!
 10158 | Lair:2   | MackTheKnife: hm, +10
 10161 | Lair:2   | MackTheKnife: sick
 10177 | Lair:2   | Reached skill level 7 in Evocations
 10516 | Lair:2   | Reached skill level 8 in Evocations
 10737 | Lair:3   | Found a staircase to the Swamp.
 10737 | Lair:3   | Noticed a five-headed hydra
 10737 | Lair:3   | Noticed Maud
 11221 | Lair:3   | Noticed a five-headed hydra
 11227 | Lair:3   | Killed a five-headed hydra
 11227 | Lair:3   | Reached skill level 9 in Evocations
 11270 | Lair:3   | Killed a five-headed hydra
 11554 | Lair:3   | Noticed an eight-headed hydra
 11590 | Lair:4   | Reached skill level 9 in Fighting
 11743 | Lair:4   | Got a translucent long sword
 11826 | Lair:4   | Reached skill level 13 in Unarmed Combat
 11826 | Lair:4   | Reached XP level 13. HP: 111/111 MP: 20/20
 11885 | Lair:4   | Got a heavily runed ring mail
 11904 | Lair:4   | Identified the +2 ring mail "Eruhiphu" {rPois} (You found it on level 4 of the Lair of Beasts)
 11938 | Lair:4   | Found a staircase to the Snake Pit.
 12018 | Lair:4   | Reached skill level 10 in Fighting
 12415 | Lair:5   | Noticed Rupert
 12430 | Lair:5   | Killed Rupert
 12626 | Lair:5   | Found a hole to the Spider Nest.
 12715 | Lair:5   | TZer0: lol
 12723 | Lair:5   | TZer0: you had to go
 12723 | Lair:5   | MackTheKnife: but now Im back
 12723 | Lair:5   | TZer0: :D
 12723 | Lair:5   | MackTheKnife: because my laundry place is ~2 min from where I live
 12723 | Lair:5   | MackTheKnife: :)
 12885 | Lair:6   | Reached skill level 14 in Unarmed Combat
 12887 | Lair:6   | Reached skill level 11 in Fighting
 13809 | Lair:6   | Found a viscous altar of Jiyva.
 13813 | Lair:6   | Found a staircase to the Slime Pits.
 14560 | Lair:8   | Entered Level 8 of the Lair of Beasts
 14561 | Lair:8   | MackTheKnife: not the pond..! worst L: ending imo
 14569 | Lair:8   | Reached skill level 12 in Fighting
 14621 | Lair:8   | Reached XP level 14. HP: 70/126 MP: 21/21
 14783 | Lair:8   | Reached skill level 15 in Unarmed Combat
 15211 | Lair:8   | Reached skill level 2 in Dodging
 15296 | Lair:8   | Reached skill level 3 in Dodging
 15487 | Lair:8   | Reached skill level 4 in Dodging
 15655 | Lair:8   | Reached skill level 5 in Dodging
 15849 | Lair:8   | Reached skill level 6 in Dodging
 15916 | Lair:8   | Identified the Collected Works on Arcane Weapons
 16035 | Lair:3   | Found a glowing silver altar of Zin.
 16110 | Lair:3   | Killed an eight-headed hydra
 16110 | Lair:3   | Reached skill level 7 in Dodging
 16474 | Orc:1    | Entered Level 1 of the Orcish Mines
 16474 | Orc:1    | Noticed Urug
 16483 | Orc:1    | Killed Urug
 16519 | Orc:1    | Noticed Gastronok
 16522 | Orc:1    | Noticed Nergalle
 16527 | Orc:1    | Killed Nergalle
 16534 | Orc:1    | Killed Gastronok
 16534 | Orc:1    | Reached skill level 8 in Dodging
 16792 | Orc:1    | Found Capnufar's General Store.
 17262 | Orc:1    | You fall through a shaft!
 17631 | Orc:3    | Noticed Josephine
 17637 | Orc:3    | Killed Josephine
 17771 | Orc:3    | Reached skill level 9 in Dodging
 17824 | Orc:3    | Reached XP level 15. HP: 134/134 MP: 22/22
 18065 | Orc:3    | Noticed Erolcha
 18073 | Orc:3    | Killed Erolcha
 18155 | Orc:4    | Entered Level 4 of the Orcish Mines
 18194 | Orc:4    | Found a burning altar of Makhleb.
 18413 | Orc:4    | Found a staircase to the Elven Halls.
 18644 | Orc:4    | Reached skill level 10 in Dodging
 18662 | Orc:4    | Found Punnek's Distillery.
 18683 | Orc:4    | Found Waloihas's Armour Emporium.
 18684 | Orc:4    | Found Nuyd's Antique Weapon Boutique.
 18684 | Orc:4    | Found Morch's Book Emporium.
 18709 | Orc:4    | Bought a potion of heal wounds for 75 gold pieces
 18709 | Orc:4    | Bought a potion of curing for 45 gold pieces
 18709 | Orc:4    | Bought a potion of curing for 45 gold pieces
 18709 | Orc:4    | Bought a potion of restore abilities for 75 gold pieces
 18709 | Orc:4    | Bought a potion of might for 60 gold pieces
 18780 | Orc:3    | You fall through a shaft!
 18942 | D:8      | Bought a scroll of acquirement for 780 gold pieces
 18942 | D:8      | Bought a scroll of identify for 30 gold pieces
 18942 | D:8      | Bought a scroll of fog for 30 gold pieces
 18956 | D:8      | Bought a bloodstained buckler for 180 gold pieces
 18961 | D:8      | Identified the -3 buckler "Jecot" {MR+} (You bought it in a shop on level 8 of the Dungeon)
 19774 | D:11     | Reached skill level 8 in Armour
 20205 | D:12     | Found Ishrad's Jewellery Shoppe.
 20801 | D:13     | Found Zeromax's Armour Shop.
 20804 | D:13     | Bought a +0 pair of boots of flying for 161 gold pieces
 21336 | D:14     | Reached skill level 9 in Armour
 21338 | D:14     | Found a gate to the Vaults.
 21545 | D:14     | Reached skill level 10 in Armour
 21893 | D:14     | Reached skill level 13 in Fighting
 22131 | D:15     | Entered Level 15 of the Dungeon
 22386 | D:15     | Reached XP level 16. HP: 55/144 MP: 7/23
 22392 | D:15     | Reached skill level 16 in Unarmed Combat
 22680 | D:15     | Found a staircase to the Depths.
 23243 | D:15     | Found a basalt altar of Yredelemnul.
 23566 | D:15     | Reached skill level 14 in Fighting
 23586 | D:15     | Found a glowing golden altar of the Shining One.
 24074 | Spider:1 | Entered Level 1 of the Spider Nest
 25008 | Spider:1 | Reached skill level 17 in Unarmed Combat
 25055 | Spider:2 | Noticed Roxanne
 25088 | Spider:2 | Noticed Jorgrun
 25104 | Spider:2 | Killed Jorgrun
 25124 | Spider:2 | Noticed Arachne
 25176 | Spider:2 | Killed Arachne
 25176 | Spider:2 | Reached skill level 18 in Unarmed Combat
 26009 | Spider:4 | Reached XP level 17. HP: 140/152 MP: 24/24
 26307 | Spider:4 | Got a faintly glowing scale mail
 26598 | Spider:5 | Entered Level 5 of the Spider Nest
 26599 | Spider:5 | Found a frozen archway.
 26637 | IceCv    | Entered an ice cave
 26708 | IceCv    | Reached skill level 19 in Unarmed Combat
 27053 | IceCv    | Identified the +1 scale mail of Hedging {Int+2 Dex+8} (You found it on level 4 of the Spider Nest)
 27710 | IceCv    | Noticed an Ice Fiend
 27731 | IceCv    | Killed an Ice Fiend
 27763 | IceCv    | Got an ichor-stained hat
 27804 | IceCv    | Identified the +2 hat of Rationality {rPois Str+2} (You found it in an ice cave)
 27899 | Spider:5 | Got a slimy quarterstaff
 28216 | Spider:5 | Reached skill level 20 in Unarmed Combat
 28722 | Spider:5 | Reached skill level 21 in Unarmed Combat
 28955 | Spider:5 | Got a gossamer rune of Zot
 29263 | Swamp:1  | Entered Level 1 of the Swamp
 29376 | Spider:1 | Reached XP level 18. HP: 143/160 MP: 23/25
 29665 | Swamp:1  | TZer0: this character is coming along nicely
 29669 | Swamp:1  | TZer0: lol
 29669 | Swamp:1  | TZer0: what a slaughter
 29669 | Swamp:1  | MackTheKnife: yea
 29669 | Swamp:1  | TZer0: 32 AC.. 19 EV
 29669 | Swamp:1  | MackTheKnife: also, I though ghouls (like trolls) sliced hydras
 29669 | Swamp:1  | TZer0: XL 18
 29669 | Swamp:1  | TZer0: lol
 29669 | Swamp:1  | MackTheKnife: turns out they dont
 29669 | Swamp:1  | MackTheKnife: so.. I can tab away merrily
 29784 | Swamp:1  | Noticed Herrn's ghost (mighty NaFi)
 29784 | Swamp:1  | TZer0: Hmmm
 29795 | Swamp:1  | TZer0: slouch if in doubt?
 29797 | Swamp:1  | TZer0: uhh
 29797 | Swamp:1  | TZer0: hmmm
 29797 | Swamp:1  | TZer0: dangerous.
 29797 | Swamp:1  | MackTheKnife: :D
 29866 | Swamp:1  | TZer0: seriously, food and ghouls
 29887 | Swamp:1  | TZer0: you have flying, heavy armour
 29887 | Swamp:1  | MackTheKnife: yeah
 29887 | Swamp:1  | TZer0: good unarmed
 29887 | Swamp:1  | TZer0: good dodging
 29887 | Swamp:1  | TZer0: insane stats
 29887 | Swamp:1  | TZer0: hmm
 29887 | Swamp:1  | MackTheKnife: also got /HW from ?acq
 29902 | Swamp:1  | TZer0: can I see M?
 29904 | Swamp:1  | MackTheKnife: brb coffee
 29904 | Swamp:1  | TZer0: hmmm
 29904 | Swamp:1  | MackTheKnife: I think the early ~8 evo was important
 29904 | Swamp:1  | MackTheKnife: helped a ton in lair
 29904 | Swamp:1  | MackTheKnife: paralyzing bad guys
 30103 | Swamp:2  | Reached skill level 10 in Evocations
 30423 | Swamp:2  | TZer0: book?
 30452 | Swamp:3  | TZer0: hmm
 30452 | Swamp:3  | TZer0: nah
 30470 | Swamp:3  | TZer0: I mean
 30471 | Swamp:3  | TZer0: if you could learn blink
 30474 | Swamp:3  | TZer0: then that would be amazing
 30474 | Swamp:3  | TZer0: but whatever
 30474 | Swamp:3  | TZer0: ah.
 30474 | Swamp:3  | TZer0: heh
 30474 | Swamp:3  | MackTheKnife: mmh, think Ill get some basic magic after swamp
 30474 | Swamp:3  | TZer0: and ghouls don't have the best apts
 30477 | Swamp:3  | TZer0: so yeah
 30477 | Swamp:3  | TZer0: wait a bit.
 30502 | Swamp:3  | Got an ancient leather armour
 30556 | Swamp:3  | TZer0: I'd still consider throwing
 30558 | Swamp:3  | TZer0: maybe.
 30581 | Swamp:3  | TZer0: also, remember to land when facing airstrike
 30584 | Swamp:3  | MackTheKnife: yeop
 30584 | Swamp:3  | MackTheKnife: them titans.
 30622 | Swamp:3  | TZer0: party-time
 30863 | Swamp:3  | TZer0: hold on
 30874 | Swamp:3  | MackTheKnife: pulled down by roots
 30874 | Swamp:3  | MackTheKnife: the flavour..!
 30877 | Swamp:3  | Reached skill level 11 in Evocations
 31001 | Swamp:3  | TZer0: you can set it up to ignore gloves
 31001 | Swamp:3  | TZer0: when playing as a Gh
 31001 | Swamp:3  | TZer0: but you need to do it in the rc
 31001 | Swamp:3  | MackTheKnife: yeah
 31001 | Swamp:3  | MackTheKnife: I'm bad at that
 31001 | Swamp:3  | TZer0: sec
 31001 | Swamp:3  | MackTheKnife: using someone else's atm
 31032 | Swamp:4  | TZer0: http://www.underhound.eu:81/crawl/rcfiles/crawl-git/TZer0.rc
 31050 | Swamp:4  | TZer0: the one starting with this bit # Armour autopickup by rwbarton
 31050 | Swamp:4  | MackTheKnife: neat, I'll paste it in
 31121 | Swamp:4  | TZer0: uhh
 31124 | Swamp:4  | TZer0: wait
 31124 | Swamp:4  | TZer0: bug
 31147 | Swamp:4  | Reached skill level 15 in Fighting
 31163 | Swamp:4  | MackTheKnife: kk
 31176 | Swamp:4  | TZer0: ehh
 31186 | Swamp:4  | TZer0: just edit out the troll-thing
 31192 | Swamp:4  | MackTheKnife: mkay
 31192 | Swamp:4  | TZer0: I can't remember correctly.
 31214 | Swamp:4  | MackTheKnife: it's funny how some people consider chei to be among the worst gods
 31214 | Swamp:4  | TZer0: Yeah
 31214 | Swamp:4  | MackTheKnife: so many upsides to compensate for slow movement
 31265 | Swamp:4  | TZer0: it is still a hard god in some ways
 31267 | Swamp:4  | TZer0: but in no way a bad god.
 31267 | Swamp:4  | MackTheKnife: Zin is probably the worst in everything but late-game
 31310 | Swamp:4  | TZer0: it encourages fighting things out or taking large dips in piety
 31321 | Swamp:4  | TZer0: which is sort of the most dangerous part of the god
 31321 | Swamp:4  | MackTheKnife: chei you mean?
 31321 | Swamp:4  | MackTheKnife: yeah
 31321 | Swamp:4  | TZer0: Yeah
 31322 | Swamp:5  | Entered Level 5 of the Swamp
 31409 | Swamp:5  | Reached skill level 16 in Fighting
 31430 | Swamp:5  | TZer0: got mapping?
 31434 | Swamp:5  | MackTheKnife: saving for.. something else :)
 31438 | Swamp:5  | TZer0: ah
 31458 | Swamp:5  | TZer0: I love to check S:5 for mapping
 31465 | Swamp:5  | TZer0: because you may be lucky and have the firepot-design
 31465 | Swamp:5  | MackTheKnife: think I fgound the vault
 31465 | Swamp:5  | TZer0: Yeah
 31486 | Swamp:5  | TZer0: the firepot-design is my favourite one
 31499 | Swamp:5  | Got a decaying rune of Zot
 31501 | Swamp:5  | TZer0: you just blow everything up with two-three wand attacks
 31573 | Swamp:4  | TZer0: invisbility + scroll of immolation + wands
 31576 | Swamp:4  | TZer0: everything explodes
 31576 | Swamp:4  | MackTheKnife: yeah, invis is so good
 31576 | Swamp:4  | MackTheKnife: early +Inv item = gg
 31684 | Lair:2   | MackTheKnife: be back in a bit - more laundry
 31860 | Vaults:1 | Entered Level 1 of the Vaults
 31884 | Vaults:1 | Got a slimy platinum ring
 31968 | Vaults:1 | Found Cawocitt's Book Boutique.
 32227 | Vaults:1 | Reached XP level 19. HP: 141/174 MP: 18/26
 32236 | Vaults:1 | Reached skill level 17 in Fighting
 32440 | Vaults:1 | Got a steaming broad axe
 33106 | Vaults:2 | MackTheKnife: I think we raid C: right away?
 33114 | Vaults:2 | Reached skill level 18 in Fighting
 33360 | Vaults:2 | Found an iron altar of Okawaru.
 33691 | Vaults:3 | Reached skill level 19 in Fighting
 33807 | Vaults:3 | Identified the ring of the Nightingale {rPois Str-4 Int+2 Slay+2} (You found it on level 1 of the Vaults)
 33814 | Vaults:3 | Found Saimpe's Food Shoppe.
 34326 | Vaults:3 | Reached XP level 20. HP: 187/192 MP: 27/27
 34383 | Vaults:3 | Found a staircase to the Crypt.
 34407 | Crypt:1  | Entered Level 1 of the Crypt
 34462 | Crypt:1  | Reached skill level 11 in Dodging
 34621 | Crypt:1  | Reached skill level 11 in Armour
 34849 | Crypt:2  | Noticed Saint Roka
 34851 | Crypt:3  | Entered Level 3 of the Crypt
 34949 | Crypt:3  | Noticed Sojobo
 34959 | Crypt:3  | Killed Sojobo
 34963 | Crypt:3  | Killed the ghostly Sojobo
 35073 | Crypt:3  | Identified the Almanac of Assistive Stolen Souls
 35162 | Crypt:3  | Noticed a bone dragon
 35175 | Crypt:3  | Killed a bone dragon
 35175 | Crypt:3  | Reached skill level 12 in Dodging
 35179 | Crypt:3  | Reached skill level 12 in Armour
 35343 | Crypt:3  | Identified the Papyrus of Success
 35420 | Crypt:3  | Reached skill level 11 in Invocations
 35628 | Crypt:3  | Reached skill level 12 in Invocations
 35853 | Crypt:3  | Identified the Disquisition on Evil Rituals
 35874 | Crypt:3  | Got an ancient steel ring
 35881 | Crypt:3  | Found a white marble altar of Elyvilon.
 35881 | Crypt:3  | Noticed an ancient lich
 35900 | Crypt:3  | Killed an ancient lich
 36022 | Crypt:3  | Reached skill level 13 in Invocations
 36031 | Crypt:3  | Identified the ring of Cheibriados's Favour {rC+ MR+ Str+4 Dex-3} (You took it off a necromancer on level 3 of the Crypt)
 36039 | Crypt:3  | Found a staircase to the Tomb.
 36078 | Crypt:3  | Got a pair of brightly glowing boots
 36090 | Crypt:3  | Identified the cursed -1 pair of boots of Distant Worlds {rF+ rCorr} (You found it on level 3 of the Crypt)
 36161 | Crypt:3  | Reached XP level 21. HP: 200/200 MP: 29/29
 36597 | Vaults:3 | Reached skill level 14 in Invocations
 37260 | Vaults:4 | Reached skill level 15 in Invocations
 37346 | Vaults:4 | HP: 50/200 [vault warden/dire flail (12)]
 37351 | Vaults:4 | HP: 49/200 [vault warden/dire flail (34)]
 37678 | Vaults:4 | Reached skill level 16 in Invocations
 37924 | Vaults:4 | Learned a level 2 spell: Blink
 37937 | Vaults:4 | Found a bloodstained altar of Trog.
 38069 | Vaults:4 | Reached skill level 1 in Spellcasting
 38069 | Vaults:4 | Reached skill level 1 in Translocations
 38299 | Vaults:4 | Reached skill level 2 in Spellcasting
 38299 | Vaults:4 | Reached skill level 2 in Translocations
 38518 | Vaults:4 | Reached skill level 3 in Translocations
 38529 | Vaults:4 | Reached skill level 3 in Spellcasting
 38626 | Vaults:4 | Reached skill level 4 in Translocations
 38643 | Vaults:4 | Reached skill level 4 in Spellcasting
 38650 | Vaults:4 | Reached XP level 22. HP: 171/209 MP: 29/33
 38799 | Vaults:4 | Reached skill level 5 in Translocations
 39343 | Vaults:2 | Reached skill level 5 in Spellcasting
 39854 | D:12     | Reached skill level 6 in Spellcasting
 40119 | Orc:4    | Bought a book of Minor Magic for 280 gold pieces
 40122 | Orc:4    | Learned a level 2 spell: Repel Missiles
 40126 | Orc:4    | Learned a level 3 spell: Mephitic Cloud
 40157 | Elf:1    | Entered Level 1 of the Elven Halls
 40200 | Elf:1    | Found a magical portal.
 40205 | WizLab   | Entered The Chambers of Loepaudi the Cloud Mage
 40328 | WizLab   | Reached skill level 1 in Poison Magic
 40390 | WizLab   | Reached skill level 1 in Air Magic
 40478 | WizLab   | Reached skill level 2 in Poison Magic
 40535 | WizLab   | Learned a level 4 spell: Animate Dead
 40539 | WizLab   | Learned a level 3 spell: Regeneration
 40552 | WizLab   | Identified the Disquisition on the Birds and Aid
 40561 | WizLab   | Learned a level 3 spell: Flight
 40571 | WizLab   | Identified the Reference Book on Excruciating Weightlessness
 40581 | WizLab   | Learned a level 6 spell: Freezing Cloud
 40788 | Elf:1    | Reached skill level 2 in Air Magic
 40793 | Elf:1    | Reached skill level 3 in Poison Magic
 40856 | Elf:1    | Noticed Agnes
 40858 | Elf:1    | Killed Agnes
 41597 | Elf:2    | Found Oveeptoamp's General Store.
 41603 | Elf:2    | Reached skill level 4 in Poison Magic
 41611 | Elf:2    | Bought a potion of resistance for 180 gold pieces
 41611 | Elf:2    | Bought 3 curare-tipped needles for 32 gold pieces
 41611 | Elf:2    | Bought a scroll of recharging for 171 gold pieces
 41643 | Elf:2    | Got a smoking leather armour
 41812 | Elf:2    | Found a huge runed gate.
 41813 | Elf:2    | Found a huge runed gate.
 41813 | Elf:2    | Found a huge runed gate.
 41813 | Elf:2    | Found a huge runed gate.
 41813 | Elf:2    | Found a huge runed gate.
 42022 | Elf:3    | Entered Level 3 of the Elven Halls
 42035 | Elf:3    | Reached skill level 7 in Spellcasting
 42086 | Elf:3    | Got a steaming long sword
 42107 | Elf:3    | Reached skill level 3 in Air Magic
 42486 | Elf:3    | Reached skill level 5 in Poison Magic
 42494 | Elf:3    | Reached skill level 4 in Air Magic
 42636 | Elf:3    | Got an encrusted glaive
 42910 | Elf:3    | Learned a level 5 spell: Phase Shift
 42968 | Elf:3    | Reached skill level 6 in Poison Magic
 42998 | Elf:3    | Got an iridescent morningstar
 42998 | Elf:3    | Got an ancient golden amulet
 43000 | Elf:3    | Identified the amulet "Xiri Orch" {rMut +Inv} (You took it off a deep elf death mage on level 3 of the Elven Halls)
 43019 | Elf:3    | Reached skill level 8 in Spellcasting
 43054 | Elf:3    | Identified Seannymp's Reference Book on Ashen Aid
 43353 | Lair:1   | Noticed a six-headed hydra
 43491 | Slime:1  | Entered Level 1 of the Pits of Slime
 43573 | Slime:3  | Reached XP level 23. HP: 181/215 MP: 34/34
 43607 | Slime:3  | Reached skill level 6 in Translocations
 43896 | Slime:3  | Found a glowing golden altar of the Shining One.
 44368 | Slime:6  | Entered Level 6 of the Pits of Slime
 44393 | Slime:6  | Reached skill level 9 in Spellcasting
 44418 | Slime:6  | Reached skill level 7 in Translocations
 44805 | Slime:6  | Found a viscous altar of Jiyva.
 44807 | Slime:6  | Noticed the royal jelly
 44852 | Slime:6  | Reached skill level 8 in Translocations
 45188 | Slime:6  | your royal jelly (ally) was killed
 45943 | Slime:6  | Killed the royal jelly
 45943 | Slime:6  | Reached skill level 10 in Spellcasting
 46110 | Slime:6  | MackTheKnife: whew.
 46139 | Slime:6  | Got a pair of distressingly furry gloves
 46140 | Slime:6  | Identified the +1 pair of gloves of the Big Bang {Dex+8} (You found it on level 6 of the Pits of Slime)
 46255 | Slime:6  | Got a scorched cloak
 46258 | Slime:6  | Identified the +0 cloak of the Morning Star {-Cast Str+3 Dex+3} (You found it on level 6 of the Pits of Slime)
 46276 | Slime:6  | Got a translucent silver ring
 46277 | Slime:6  | Identified the ring "Luwaczug" {+Inv rElec SInv} (You found it on level 6 of the Pits of Slime)
 46328 | Slime:6  | Got a shimmering whip
 46410 | Slime:6  | Identified the Papyrus of Conjuration and Moulding
 46418 | Slime:6  | Got a slimy rune of Zot
 46656 | Lair:2   | Killed Maud
 47099 | Vaults:3 | Reached skill level 20 in Fighting
 47168 | Vaults:5 | Entered Level 5 of the Vaults
 47178 | Vaults:5 | Reached skill level 21 in Fighting
 47311 | Vaults:5 | Reached skill level 22 in Fighting
 47386 | Vaults:5 | Reached XP level 24. HP: 152/233 MP: 36/36
 47494 | Vaults:5 | Got a silver rune of Zot
 47510 | Vaults:5 | Got a glittering silver ring
 47512 | Vaults:5 | Identified the ring "Qafuvviu" {rF+ rC+} (You found it on level 5 of the Vaults)
 47529 | Vaults:5 | Identified the Disquisition on the Assistive Glacier
 47627 | Vaults:5 | HP: 58/233 [vault warden/battleaxe of draining (28)]
 47870 | Vaults:5 | Reached skill level 22 in Unarmed Combat
 47876 | Vaults:5 | Got a sparkling brass ring
 47900 | Vaults:5 | Identified the ring of Qorusk {rElec rC+ rN+ Int+6 Stlth-} (You took it off a vault warden on level 5 of the Vaults)
 48291 | Vaults:5 | Got a translucent plate armour
 48292 | Vaults:5 | Identified the +7 plate armour of Zuhaz {rC+ Int+3} (You found it on level 5 of the Vaults)
 48694 | Vaults:5 | Got a twitching bronze ring
 48723 | Vaults:5 | Reached skill level 13 in Armour
 48723 | Vaults:5 | Reached skill level 13 in Dodging
 48744 | Vaults:5 | Identified the Almanac of the Blaze and Arcane Weapons
 48752 | Vaults:5 | Identified the ring of Huet {rF+ Dex+2 Slay+3} (You took it off a yaktaur on level 5 of the Vaults)
 49119 | Depths:1 | Entered Level 1 of the Depths
 49329 | Depths:1 | Found Noiblaik's One-of-a-Kind Books.
 49468 | Depths:1 | Reached XP level 25. HP: 225/240 MP: 36/36
 49530 | Depths:1 | Got an ichor-stained robe
 49867 | Depths:1 | Found a gateway to Hell.
 50637 | Depths:2 | Reached skill level 14 in Armour
 50687 | Depths:2 | Reached skill level 14 in Dodging
 50790 | Depths:2 | Found a one-way gate leading to the halls of Pandemonium.
 50795 | Depths:2 | Identified a +3 rod of inaccuracy (11/11) (You found it on level 2 of the Depths)
 50798 | Depths:2 | Got an ancient marble ring
 50802 | Depths:2 | Identified the ring of the Dropbear {Str+4 Slay+6} (You found it on level 2 of the Depths)
 51110 | Depths:3 | Found a one-way gate to the infinite horrors of the Abyss.
 51338 | Depths:3 | Reached XP level 26. HP: 223/248 MP: 36/36
 51398 | Depths:3 | Noticed Frederick
 51407 | Depths:3 | Killed Frederick
 51407 | Depths:3 | Reached skill level 15 in Armour
 51415 | Depths:3 | Noticed Boris
 51435 | Depths:3 | Reached skill level 15 in Dodging
 51457 | Depths:3 | Killed Boris
 51983 | Depths:3 | Noticed Jory
 52002 | Depths:3 | Killed Jory
 52008 | Depths:3 | Reached XP level 27. HP: 220/256 MP: 36/36
 52031 | Depths:3 | Reached skill level 16 in Armour
 52044 | Depths:3 | Reached skill level 16 in Dodging
 52233 | Depths:3 | Reached skill level 9 in Translocations
 52506 | Depths:4 | Reached skill level 10 in Translocations
 52602 | Depths:4 | Got a heavily runed ivory ring
 52610 | Depths:4 | Identified the ring of Yvvu {rC- rN+ Dex+3 Stlth+} (You found it on level 4 of the Depths)
 52770 | Depths:4 | Reached skill level 11 in Translocations
 53437 | Depths:4 | Reached skill level 1 in Necromancy
 53716 | Depths:5 | Entered Level 5 of the Depths
 53720 | Depths:5 | Reached skill level 2 in Necromancy
 53939 | Depths:5 | Reached skill level 3 in Necromancy
 54123 | Depths:5 | Reached skill level 4 in Necromancy
 54156 | Depths:5 | Found a gate to the Realm of Zot.
 54160 | Depths:5 | Got a translucent glaive
 54299 | Depths:5 | Reached skill level 11 in Spellcasting
 54300 | Depths:5 | Found a gateway to a ziggurat.
 54302 | Depths:5 | Noticed Margery
 54315 | Depths:5 | Killed Margery
 54315 | Depths:5 | Reached skill level 5 in Necromancy
 54400 | Depths:5 | Reached skill level 6 in Necromancy
 54548 | Zig:1    | Entered Level 1 of a ziggurat
 54577 | Zig:2    | Entered Level 2 of a ziggurat
 54622 | Zig:3    | Entered Level 3 of a ziggurat
 54673 | Zig:4    | Entered Level 4 of a ziggurat
 54736 | Zig:5    | Entered Level 5 of a ziggurat
 54778 | Zig:5    | Reached skill level 7 in Necromancy
 54813 | Zig:5    | Identified the Almanac of Stolen Souls
 54832 | Zig:6    | Entered Level 6 of a ziggurat
 54906 | Zig:6    | Reached skill level 12 in Spellcasting
 54906 | Zig:6    | Reached skill level 8 in Necromancy
 54909 | Zig:7    | Entered Level 7 of a ziggurat
 55180 | Zig:7    | Got a scintillating pewter amulet
 55181 | Zig:7    | Identified the amulet "Tigiolis" {rCorr rElec} (You found it on level 7 of a ziggurat)
 55187 | Zig:8    | Entered Level 8 of a ziggurat
 55210 | Zig:8    | Reached skill level 9 in Necromancy
 55247 | Zig:8    | Identified the Reference Book on Conjuration and Heat
 55252 | Zig:8    | Got a shimmering amber ring
 55253 | Zig:8    | Identified the ring of Kujett {+Fly rF- Dex+4} (You found it on level 8 of a ziggurat)
 55269 | Zig:9    | Entered Level 9 of a ziggurat
 55392 | Zig:10   | Entered Level 10 of a ziggurat
 55478 | Zig:10   | Got a twisted shortbow
 55481 | Zig:10   | Got a scorched silver ring
 55482 | Zig:10   | Identified the cursed ring of Gugron {Int-2 Dex+3} (You found it on level 10 of a ziggurat)
 55487 | Zig:10   | Got a brightly glowing hat
 55488 | Zig:10   | Identified the +0 hat of the Flute {+Blink rC+++ Str+3 Int-5} (You found it on level 10 of a ziggurat)
 55629 | Zig:11   | Entered Level 11 of a ziggurat
 55655 | Zig:11   | Noticed Qenlyuto the pandemonium lord
 55666 | Zig:11   | Killed Qenlyuto the pandemonium lord
 55713 | Zig:11   | Got a pair of polished gloves
 55714 | Zig:11   | Identified the +0 pair of gloves of Daffodils {rElec rF+ rN+++ Str-2} (You acquired it on level 11 of a ziggurat)
 55817 | Zig:12   | Entered Level 12 of a ziggurat
 55832 | Zig:12   | Reached skill level 23 in Fighting
 55860 | Zig:12   | Identified the Disquisition on the Rocks and Transmigration
 55864 | Zig:12   | Reached skill level 23 in Unarmed Combat
 55874 | Zig:12   | Identified a +9 rod of shadows (11/11) (You found it on level 12 of a ziggurat)
 55887 | Zig:12   | Identified the Incunabulum of Aid
 56074 | Depths:5 | Got a polished scale mail
 56075 | Depths:5 | Identified the cursed +1 scale mail of Cowardice {rElec rPois Int+4} (You found it on level 5 of the Depths)
 56438 | Depths:3 | Voluntarily entered the Abyss.
 56690 | Abyss:2  | Found a corrupted altar of Lugonu.
 56756 | Abyss:2  | Found a corrupted altar of Lugonu.
 56778 | Abyss:2  | Found a corrupted altar of Lugonu.
 56935 | Abyss:3  | Identified the Tome of Icy Attacks
 56988 | Abyss:3  | Got an abyssal rune of Zot
 57012 | Abyss:3  | Found a corrupted altar of Lugonu.
 57167 | Abyss:3  | Reached skill level 24 in Unarmed Combat
 57176 | Depths:3 | Escaped the Abyss
 57300 | Pan      | Entered Pandemonium
 57344 | Pan      | Noticed Mennas
 57371 | Pan      | HP: 58/258 [Mennas/scimitar of holy wrath (19)]
 57376 | Pan      | Killed Mennas
 57523 | Pan      | Reached skill level 10 in Necromancy
 57701 | Pan      | Found an exit through the horrors of the Abyss.
 57703 | Pan      | Reached skill level 11 in Necromancy
 57819 | Pan      | Noticed Puakunn Beiq the pandemonium lord
 57836 | Pan      | Killed Puakunn Beiq the pandemonium lord
 58471 | Pan      | Reached skill level 25 in Unarmed Combat
 58569 | Pan      | Found a glowing golden altar of the Shining One.
 58570 | Pan      | Noticed a seraph
 58586 | Pan      | Killed a seraph
 58627 | Pan      | Got a pair of dazzling boots
 58629 | Pan      | Got a demonic rune of Zot
 58630 | Pan      | Identified the +2 pair of boots "Ineash" {rElec} (You found it in Pandemonium)
 58633 | Pan      | Identified the Volume of Execration and Attacks
 58931 | Pan      | Got an ancient buckler
 59203 | Pan      | Found an exit through the horrors of the Abyss.
 59209 | Pan      | Took an exit into the Abyss.
 59209 | Abyss:1  | Escaped into the Abyss
 59217 | Depths:3 | Escaped the Abyss
 59529 | Lair:2   | Identified the +0 buckler of Baldness {rElec rCorr Dex+3} (You took it off a cherub in Pandemonium)
 59698 | Orc:4    | Bought an Akashic Record for 1545 gold pieces
 59705 | Orc:4    | Learned a level 6 spell: Dispersal
 59713 | Orc:4    | Learned a level 7 spell: Controlled Blink
 59723 | Orc:4    | Learned a level 9 spell: Singularity
 60237 | Zot:1    | Entered Level 1 of the Realm of Zot
 60255 | Zot:1    | Reached skill level 12 in Translocations
 60298 | Zot:1    | Got a dazzling scale mail
 60299 | Zot:1    | Identified the +0 scale mail of Marbles {-Cast rElec MR- Str+9} (You found it on level 1 of the Realm of Zot)
 60534 | Zot:1    | Reached skill level 13 in Translocations
 61279 | Zot:2    | Reached skill level 14 in Translocations
 61806 | Zot:2    | Reached skill level 15 in Translocations
 62131 | Zot:2    | Got a steaming flail
 62431 | Zot:3    | Reached skill level 16 in Translocations
 62773 | Zot:4    | Got a faintly glowing scale mail
 62884 | Zot:4    | Got an encrusted cloak
 62885 | Zot:4    | Identified the +2 cloak of Circular Logic {Int+3 Dex+4} (You found it on level 4 of the Realm of Zot)
 62933 | Zot:4    | Noticed an orb of fire
 63029 | Zot:4    | Reached skill level 13 in Spellcasting
 63226 | Zot:4    | Reached skill level 17 in Translocations
 64113 | Pan      | Entered Pandemonium
 64411 | Pan      | Reached skill level 14 in Spellcasting
 64531 | Pan      | Noticed Hilibyco the pandemonium lord
 64554 | Pan      | Killed Hilibyco the pandemonium lord
 64816 | Pan      | Reached skill level 26 in Unarmed Combat
 64845 | Pan      | Got a slimy pewter ring
 64846 | Pan      | Identified the ring of the Barracuda {Str+5 Stlth-} (You found it in Pandemonium)
 64949 | Pan      | Noticed Geduuhah the pandemonium lord
 64959 | Pan      | Killed Geduuhah the pandemonium lord
 65041 | Pan      | Noticed Hap Moov the pandemonium lord
 65052 | Pan      | Killed Hap Moov the pandemonium lord
 65386 | Pan      | Got a scintillating granite ring
 65398 | Pan      | Got a slimy emerald amulet
 65426 | Pan      | Entered the realm of Mnoleg.
 65452 | Pan      | Reached skill level 27 in Unarmed Combat
 65502 | Pan      | Reached skill level 18 in Translocations
 65706 | Pan      | Paralysed by a giant eyeball for 3 turns
 65735 | Pan      | MackTheKnife: sup yo
 65741 | Pan      | Paralysed by a giant eyeball for 4 turns
 65745 | Pan      | SaintRoka: hello :)
 65746 | Pan      | Paralysed by a giant eyeball for 4 turns
 65769 | Pan      | Paralysed by a giant eyeball for 4 turns
 65793 | Pan      | SaintRoka: not much, I keep losing chars with 12-15 runes ^^
 65795 | Pan      | MackTheKnife: can you spare a moment for our lord and savior Chei "take it" bria "easy" dos
 65806 | Pan      | SaintRoka: :)
 65825 | Pan      | Identified the amulet "Plog" {Ward rC+ rN+ MR+ Str+4 Slay+2} (You took it off a torturous demonspawn in Pandemonium)
 65826 | Pan      | MackTheKnife: nice amu.
 65826 | Pan      | MackTheKnife: too bad I dont need
 65828 | Pan      | Identified the ring of the Imp {Wiz SInv} (You took it off a putrid demonspawn in Pandemonium)
 65849 | Pan      | Noticed Mnoleg
 65883 | Pan      | HP: 55/258 [Mnoleg (12)]
 66102 | Pan      | Paralysed by a giant eyeball for 2 turns
 66270 | Pan      | Killed Mnoleg
 66365 | Pan      | Got a glowing rune of Zot
 66508 | Pan      | Found an exit through the horrors of the Abyss.
 66712 | Pan      | Found an exit through the horrors of the Abyss.
 66736 | Pan      | Entered the realm of Gloorx Vloq.
 66754 | Pan      | Found an exit through the horrors of the Abyss.
 66770 | Pan      | SaintRoka: playing Centaur^Chei atm,
 66775 | Pan      | SaintRoka: have that pondering hat and black knight baring, still, speed is 1.9
 66775 | Pan      | MackTheKnife: haha
 66775 | Pan      | MackTheKnife: slow horse.
 66776 | Pan      | SaintRoka: :)
 66789 | Pan      | MackTheKnife: time to one-shot some executioners
 66802 | Pan      | Reached skill level 24 in Fighting
 66936 | Pan      | MackTheKnife: omg we have the same amoutn of documented wins!
 66936 | Pan      | MackTheKnife: got a NaWn that's not up on my profile yet
 66936 | Pan      | SaintRoka: :)
 66936 | Pan      | MackTheKnife: we're like, pro
 66936 | Pan      | MackTheKnife: and stuff
 66939 | Pan      | SaintRoka: hehe
 66947 | Pan      | Noticed Gloorx Vloq
 66947 | Pan      | MackTheKnife: lol gloorx sleeping
 66947 | Pan      | MackTheKnife: on the job
 66947 | Pan      | MackTheKnife: TIME FOR BLINKS
 66957 | Pan      | Killed Gloorx Vloq
 66962 | Pan      | SaintRoka: gj
 66973 | Pan      | Got a dark rune of Zot
 67056 | Pan      | Found an ancient bone altar of Kikubaaqudgha.
 67096 | Pan      | Entered the realm of Cerebov.
 67097 | Pan      | MackTheKnife: CEREBOOOV
 67153 | Pan      | Noticed Cerebov
 67176 | Pan      | SaintRoka: whats your Evo?
 67176 | Pan      | MackTheKnife: not much
 67176 | Pan      | MackTheKnife: like 10?
 67179 | Pan      | Reached skill level 25 in Fighting
 67191 | Pan      | SaintRoka: slouch him ?
 67193 | Pan      | HP: 31/266 [Cerebov/great blast of fire (55)]
 67194 | Pan      | HP: 2/266 [Cerebov/great serpentine sword {flame} (52)]
 67194 | Pan      | Identified the +6 Sword of Cerebov {flame}
 67194 | Pan      | Slain by Cerebov

Action                   |  1- 3 |  4- 6 |  7- 9 | 10-12 | 13-15 | 16-18 | 19-21 | 22-24 | 25-27 || total
-------------------------+-------+-------+-------+-------+-------+-------+-------+-------+-------++-------
Melee: Unarmed           |   166 |   125 |   363 |   680 |  1456 |  1451 |  1457 |  1763 |  3842 || 11303
 Fire: Blowgun           |       |       |       |     5 |       |       |       |       |       ||     5
 Cast: Repel Missiles    |       |       |       |       |       |       |       |     1 |       ||     1
       Phase Shift       |       |       |       |       |       |       |       |     2 |    44 ||    46
       Regeneration      |       |       |       |       |       |       |       |       |    38 ||    38
       Animate Dead      |       |       |       |       |       |       |       |       |    14 ||    14
       Controlled Blink  |       |       |       |       |       |       |       |       |     4 ||     4
       Dispersal         |       |       |       |       |       |       |       |       |     1 ||     1
Invok: Slouch            |       |       |       |    13 |    28 |    26 |    10 |    26 |    33 ||   136
 Abil: Evoke Flight      |       |       |       |       |       |     2 |       |       |     7 ||     9
Evoke: Wand              |       |     4 |       |     9 |    29 |    46 |     6 |    18 |    17 ||   129
       Phantom mirror    |       |       |       |       |       |       |       |     3 |     2 ||     5
       Rod               |       |       |       |       |       |       |       |       |     3 ||     3
       Phial of floods   |       |       |       |       |       |       |       |       |     2 ||     2
       Lamp of fire      |       |       |       |       |       |       |       |       |     1 ||     1
  Use: Scroll            |     4 |     4 |    10 |    10 |    16 |    15 |     5 |    29 |    42 ||   135
       Potion            |       |       |       |     2 |     9 |     2 |     3 |     6 |    20 ||    42
 Stab: Fleeing           |       |       |       |     1 |       |       |       |       |       ||     1
       Paralysed         |       |       |       |       |    21 |     3 |     1 |     1 |       ||    26
       Distracted        |       |       |       |       |     1 |       |       |       |    11 ||    12
       Confused          |       |       |       |       |     2 |     7 |       |       |     7 ||    16
       Invisible         |       |       |       |       |       |       |       |     4 |       ||     4
       Petrifying        |       |       |       |       |       |       |       |       |     2 ||     2
  Eat: Chunk             |    21 |    12 |    34 |    70 |    76 |    62 |    50 |    78 |   106 ||   509
       Pizza             |       |       |       |       |     1 |     6 |       |     1 |     1 ||     9
       Beef jerky        |       |       |       |       |       |       |       |     2 |     1 ||     3

Vault maps used:
D:1:      eino_arrival_water_cross
D:2:      grunt_temple_overflow_cloverleaf, grunt_qazlal_clouds
D:3:      lemuel_round_altar, overflow_temple_1_default, grunt_ministairs_3,
          okawaru_trees_2
D:4:      serial_park_square1, old_standard_altar, uniq_eustachio, uniq_grinder
D:5:      lemuel_zombie_altar_yredelemnul, lemuel_coloured_pillars_altar,
          lemuel_crystal_altar, first_bread, uniq_duvessa
D:6:      tso_oasis_becter, minmay_temple_entry_poolview,
          minmay_fire_ice_demons, uniq_pikel
D:7:      serial_shops, kennysheep_mini_moat, nemelex_deck
D:8:      serial_shops, shop, nicolae_shop_statue_plus, shop,
          nicolae_shop_stone, st_stairs_12, blue_anna_alchemist
D:9:      lemuel_doored_altar, vehumet_crystals, uniq_erica
D:10:     david_lair_generic, minmay_orc_entry_temple_small
D:11:     serial_undead, serial_undead_d, serial_undead_c, serial_undead_b,
          serial_undead_a
D:12:     serial_shops, nicolae_shop_behind_doors, minmay_item_behind_shaft
D:13:     serial_shops, shop_statue, kennysheep_dice
D:14:     lightli_vaults_fourway_checkpoint, serial_column_ruins,
          column_ruins_square_medium, column_ruins_hut_water,
          column_ruins_grid_1, column_ruins_open_tiny,
          column_ruins_columns_dead_end, column_ruins_open_tiny,
          column_ruins_columns_straight
D:15:     hangedman_depths_entry_civil_slaughter, serial_curves, eino_curves_04,
          eino_curves_04, eino_curves_01, eino_curves_01, tso_metal_star,
          lemuel_mausoleum_altar_yredelemnul
Temple:   circular_temple_6
Lair:1:   grunt_megastairs_4
Lair:2:   beast_lair_carwin_large_2, hangedman_lair_unloving_vines,
          grunt_forest_large_clearing_hut
Lair:3:   minmay_swamp_entry_reptiles, lemuel_oklob_altar, lemuel_fruit_tree,
          bh_autumn_forest_stairs, uniq_maud
Lair:4:   minmay_snake_entry_guardpost_small
Lair:5:   spider_nest_entry_web_field, guppyfry_lair_drakes,
          serial_bayou_shore_a, serial_bayou_shore_b, uniq_rupert
Lair:6:   lemuel_slime, slime_altar_1
Lair:7:   fungi_pond_lemuel, grunt_megastairs_1
Lair:8:   minmay_lair_end_frog_pond, nicolae_lair_yak_garden
Swamp:1:  serial_swamp_ruin, evilmike_swamp_ruin_house_6,
          evilmike_swamp_ruin_rubble_2, evilmike_swamp_ruin_house_5,
          infiniplex_staircase_pool
Swamp:2:  nicolae_swamp_phyte_club, evilmike_swamp_ruin_house_4
Swamp:3:  nicolae_swamp_trees_clearing
Swamp:4:  evilmike_swamp_ruin_house_1
Swamp:5:  swamp_fiery
Spider:2: cheibrodos_spider_creepycove, uniq_arachne, uniq_jorgrun, uniq_roxanne
Spider:3: spider_trap
Spider:5: grunt_spider_rune_island, portal_ice_cave_entry_ice_beasts,
          spider_trap, nicolae_orb_stairs
Slime:2:  cheibrodos_slime_lost_civilization_6
Slime:3:  basic_altar
Slime:5:  cheibrodos_slime_lost_civilization_3, nicolae_slime_barrier
Orc:1:    serial_shops, nicolae_shop_behind_doors, uniq_nergalle,
          uniq_gastronok, uniq_urug
Orc:2:    mines4_lemuel
Orc:3:    nicolae_orc_pool_cavern, uniq_erolcha, uniq_josephine
Orc:4:    grunt_orc_tribal_feast, bloody_makhleb
Elf:1:    eino_elf_arrival_sip, mu_enter_wizlab_2, minivault_28,
          lemuel_flame_loot_1, uniq_agnes
Elf:2:    serial_shops, shop_fountains
Elf:3:    minmay_elf_hall_dome
Vaults:1: vaults_mumra_minichess_inversion, v_rooms_3,
          hangedman_vaults_capsules, hangedman_vaults_snaps,
          vaults_room_semicircle, hangedman_vaults_maws, serial_shops,
          nicolae_shop_crystal
Vaults:2: vaults_room_fancy_cross, hangedman_vaults_cutoff,
          nicolae_vaults_windows_and_doors_thing, grunt_vaults_hallway_long,
          ontoclasm_vaults_claustrophobia, nicolae_vaults_shelves_hall,
          vaults_dpeg_cross, v_alt_pattern_6, v_misc_26,
          ontoclasm_vaults_gallery, v_pattern_5, v_alt_pattern_1,
          ontoclasm_vaults_ring_small, vaults_room_corners, v_alt_pattern_1,
          nicolae_vaults_little_squares_4, basic_altar
Vaults:3: minmay_crypt_entry_simple_walls, v_misc_8, v_misc_26,
          nicolae_vaults_theta, v_rooms_4, v_misc_30, hangedman_vaults_nails,
          vaults_mumra_bighexcomb, v_misc_25, ontoclasm_vaults_fault,
          ontoclasm_vaults_decontamination, ontoclasm_vaults_pinch,
          serial_shops, shop_fountains
Vaults:4: vaults_room_hangedman_quadrants, v_misc_15, ontoclasm_vaults_spin,
          v_misc_3, v_misc_32, stair_cage_open, vaults_room_boxed,
          vaults_mumra_minichess, basic_altar
Crypt:2:  uniq_saint_roka
Crypt:3:  cryptofortress_bobbens, uniq_sojobo
Depths:1: minmay_misc_feat_room, hangedman_tar_grid_catacomb, nicolae_rare_books
Depths:2: cross_vault, kennysheep_nub, pan_entry, lightli_too_deep,
          minmay_misc_feat_tiny, infiniplex_staircase_trident
Depths:3: minmay_nine_rooms, hell_entry, abyss_entry, rand_demon_pan_entry_7,
          serial_sigils_hangedman_shear, uniq_frederick, uniq_boris, uniq_jory
Depths:4: hangedman_stitches_corridor, hell_entry, marbit_kobold_abyss_entry,
          hex_tiny, lemuel_freeze_loot_1, infiniplex_staircase_pool_2
Depths:5: evilmike_zot_entry_argh, enter_ziggurat_c, minmay_misc_feat_square,
          pan_entry, pf_coc_iceberg, serial_bayou_shore_b, serial_bayou_shore_b,
          uniq_margery
Zot:2:    grunt_ministairs_15
Zot:3:    grunt_megastairs_3
Zot:4:    grunt_ministairs_15, st_stairs_13, st_single_dragon_hoard_1,
          nrook_zot_tub
Abyss:3:  hangedman_abyss_overflow_altar
Pan:      grunt_pan_in_and_out, uniq_mennas_pan, grunt_pan_zigzag,
          nicolae_pan_lom_lobonic_2, evilmike_mini_pan_3x3,
          pan_blood_fountain_small, evilmike_holy_pan,
          evilmike_mini_pan_other_thingy, lemuel_draining_boxes,
          nicolae_pan_sigil_uleosi, evilmike_mini_pan_3x3, rand_demon_1,
          nicolae_pan_door_chamber, evilmike_mini_pan_doors, pan_blood_fountain,
          nicolae_pan_hourglass, grunt_pan_in_and_out, nicolae_pan_mnolegish_2,
          evilmike_mini_pan_pillars, evilmike_mnoleg_eyes, pan_blood_fountain_2,
          enter_ziggurat_pan_c, rand_demon_2, grunt_pan_zigzag,
          pan_blood_fountain_2, rand_demon_1, enter_ziggurat_pan_a,
          grunt_pan_pentagram, nicolae_pan_mnolegish_4,
          nicolae_pan_sick_transit, evilmike_mini_pan_corner,
          pan_blood_fountain_2, evilmike_gloorx_vloq_box, cerebov_grunt,
          nicolae_pan_mnolegish_2
Zig:7:    ziggurat_pillar_centre_k
Zig:10:   ziggurat_pillar_centre_oklobs
IceCv:    ice_cave_caverns_01
WizLab:   wizlab_cloud

Table legend:
 A = Turns spent in this place as a percentage of turns spent in the entire game.
 B = Non-inter-level travel turns spent in this place as a percentage of non-inter-level travel turns spent in the entire game.
 C = Inter-level travel turns spent in this place as a percentage of turns spent in this place.
 D = Turns resting spent in this place as a percentage of non-inter-level travel turns spent in this place.
 E = Turns spent auto-exploring this place as a percentage of non-inter-level travel turns spent in this place.
 F = Non-inter-level travel turns spent in this place divided by the number of levels of this place that you've seen.
                   A       B       C       D       E      F
               +-------+-------+-------+-------+-------+----------------------
         Total | 100.0 | 100.0 |   0.4 |   0.8 |   3.5 | 325.3
       Dungeon |  13.9 |  13.9 |   0.7 |   0.9 |   8.3 | 309.9
        Temple |   0.0 |   0.0 |   0.0 |   0.0 |   0.0 |   1.0
          Lair |  10.7 |  10.6 |   1.1 |   1.2 |   3.5 | 444.1
         Swamp |   4.2 |   4.2 |   0.3 |   0.4 |   1.4 | 281.8
   Spider Nest |   5.3 |   5.3 |   0.7 |   1.2 |   3.7 | 352.2
    Slime Pits |   4.5 |   4.5 |   0.3 |   2.3 |   0.0 | 250.2
  Orcish Mines |   3.7 |   3.6 |   1.0 |   0.3 |   9.6 | 304.5
   Elven Halls |   3.4 |   3.4 |   0.3 |   1.4 |   4.8 | 383.3
        Vaults |  13.6 |  13.6 |   0.3 |   0.4 |   4.4 | 909.4
         Crypt |   4.6 |   4.6 |   0.1 |   0.4 |   0.6 | 518.7
        Depths |  10.5 |  10.5 |   0.3 |   0.6 |   2.9 | 703.8
           Zot |   4.5 |   4.5 |   0.5 |   0.5 |   6.1 | 377.2
         Abyss |   2.4 |   2.4 |   0.0 |   0.0 |   0.0 | 204.5
   Pandemonium |  12.7 |  12.7 |   0.0 |   0.9 |   0.0 | 203.0
      Ziggurat |   2.9 |   2.9 |   0.0 |   1.2 |   0.0 |  81.9
      Ice Cave |   1.9 |   1.9 |   0.0 |   2.2 |   0.2 | 637.0
        Wizlab |   1.3 |   1.3 |   0.0 |   0.0 |   0.0 | 432.0
               +-------+-------+-------+-------+-------+----------------------

Table legend:
 A = Kills in this place as a percentage of kills in entire the game.
 B = Kills by you in this place as a percentage of kills by you in the entire game.
 C = Kills by friends in this place as a percentage of kills by friends in the entire game.
 D = Other kills in this place as a percentage of other kills in the entire game.
 E = Experience gained in this place as a percentage of experience gained in the entire game.
 F = Experience gained in this place divided by the number of levels of this place that you have seen.
                   A       B       C       D       E      F
               +-------+-------+-------+-------+-------+----------------------
         Total | 100.0 | 100.0 | 100.0 | 100.0 | 100.0 | 19650.0
       Dungeon |  13.1 |  13.2 |   0.0 |   0.0 |   3.3 | 4514.7
          Lair |  11.3 |  11.3 |   0.0 |  12.5 |   3.5 | 8789.9
         Swamp |   4.2 |   4.2 |   0.0 |   0.0 |   2.9 | 11643.4
   Spider Nest |   5.4 |   5.5 |   0.0 |   0.0 |   4.1 | 16562.4
    Slime Pits |   3.2 |   3.2 |  14.3 |   0.0 |   3.9 | 13094.3
  Orcish Mines |   6.2 |   6.3 |   0.0 |   0.0 |   0.8 | 4252.5
   Elven Halls |   2.5 |   2.5 |   0.0 |   0.0 |   3.2 | 21608.3
        Vaults |  15.8 |  15.8 |   0.0 |  12.5 |  19.2 | 77807.4
         Crypt |   3.7 |   3.7 |   0.0 |   0.0 |   4.8 | 32240.3
        Depths |  10.1 |  10.1 |   0.0 |  25.0 |  16.1 | 65231.4
           Zot |   4.1 |   4.1 |   0.0 |  25.0 |  10.6 | 53575.0
         Abyss |   1.6 |   1.6 |   0.0 |   0.0 |   1.4 | 6856.5
   Pandemonium |  11.2 |  11.2 |  14.3 |  12.5 |  19.3 | 18618.9
      Ziggurat |   4.5 |   4.4 |  71.4 |  12.5 |   5.6 | 9436.2
      Ice Cave |   1.7 |   1.7 |   0.0 |   0.0 |   0.6 | 13040.0
        Wizlab |   1.4 |   1.4 |   0.0 |   0.0 |   0.7 | 13570.0
               +-------+-------+-------+-------+-------+----------------------
